 Dungeon Crawl Stone Soup version 0.25-a0-420-g1cc7eeb0d1 (webtiles) character file.

Game seed: 13347142636294776436, levelgen mode: deterministic

101 Kohma the Chopper (level 4, -2/41 HPs)
             Began as a Hill Orc Abyssal Knight on Jan 19, 2020.
             Was a Believer of Lugonu.
             Slain by a river rat (4 damage)
             ... in a sewer.
             The game lasted 00:08:54 (3327 turns).

Kohma the Chopper (Hill Orc Abyssal Knight)         Turns: 3327, Time: 00:08:54

Health: -2/41      AC:  6    Str: 15    XL:     4   Next: 75%
Magic:  15/15      EV:  7    Int: 12    God:    Lugonu [**....]
Gold:   208        SH:  6    Dex: 10    Spells: 3/3 levels left

rFire    . . .     SeeInvis .   a - +1 hand axe
rCold    . . .     Gourm    .   x - +0 shield
rNeg     . . .     Faith    .   g - +0 ring mail
rPois    .         Spirit   .   u - +0 helmet
rElec    .         Reflect  .   (no cloak)
rCorr    .         Harm     .   (no gloves)
MR       .....                  (no boots)
Stlth    ..........             (no amulet)
HPRegen  0.13/turn              r - ring of magical power
MPRegen  0.14/turn              (no ring)

@: no status effects
A: no striking features
a: Depart the Abyss, Bend Space, Renounce Religion


You were in a sewer.
You worshipped Lugonu.
Lugonu was pleased with you.
You were not hungry.

You visited 1 branch of the dungeon, and saw 4 of its levels.
You visited the Abyss 1 time.
You also visited: Sewer.

You collected 208 gold pieces.

Inventory:

Hand Weapons
 a - a +1 hand axe (weapon)
Missiles
 o - 17 poisoned darts (quivered)
Armour
 g - a +0 ring mail (worn)
 u - a +0 helmet (worn)
 x - a +0 shield (worn)
Jewellery
 r - a ring of magical power (left hand)
Wands
 w - a wand of iceblast (2)
Scrolls
 b - 3 scrolls of identify
 h - a scroll of remove curse
Potions
 d - a potion of magic {unknown}
 e - a potion of heal wounds {unknown}
 f - a potion of haste
 i - a potion of berserk rage {unknown}
 l - a potion of brilliance {unknown}
 p - a potion of lignification {unknown}
 q - 2 potions of flight
 s - a potion of curing {unknown}
 t - a potion of might {unknown}
Comestibles
 c - 5 rations


   Skills:
 + Level 4.5 Fighting
 * Level 4.8 Axes
 - Level 2.1 Armour
 - Level 0.7 Dodging
 + Level 3.7 Invocations


You had 3 spell levels left.
You didn't know any spells.
Your spell library was empty.

Dungeon Overview and Level Annotations

Branches:
Dungeon (4/15)              Sewer (1/1)
 Temple: D:4-7

Altars:
Qazlal
Sif Muna
Vehumet
Wu Jian


Message History

There is a gate leading back out of this place here.
You barely miss the river rat. You closely miss the river rat. x2
The river rat bites you but does no damage.
You block the river rat's attack. The river rat bites you.
You hit the river rat but do no damage. You closely miss the river rat.
You block the river rat's attack. x2
You hit the river rat but do no damage. You hit the river rat.
The river rat bites you but does no damage.
The river rat bites you!
* * * LOW HITPOINT WARNING * * *
You barely miss the river rat. You completely miss the river rat.
The river rat bites you but does no damage.
The river rat bites you!
* * * LOW HITPOINT WARNING * * *
You hit the river rat.
The river rat is lightly wounded.
You hit the river rat. The river rat barely misses you.
You block the river rat's attack. The river rat bites you.
You die... ############### #...r@rr......≈ ###############

You could see 3 river rats.

Vanquished Creatures
  A worker ant (D:4)
  An adder (D:4)
  A dart slug (D:1)
  3 leopard geckos
  3 orcs (D:3)
  A ball python (D:3)
  11 bats
  3 giant cockroaches
  7 goblins
  7 hobgoblins
  3 jackals (D:1)
  2 quokkas (D:2)
  2 frilled lizards
  5 kobolds
  A leopard gecko skeleton (D:4)
  7 rats
58 creatures vanquished.

Vanquished Creatures (others)
  A giant cockroach (D:3)
1 creature vanquished.

Grand Total: 59 creatures vanquished

Notes
Turn   | Place    | Note
-------+----------+-------------------------------------------
     0 | Abyss:1  | Kohma the Hill Orc Abyssal Knight began the quest for the
                  | Orb.
     0 | Abyss:1  | Reached XP level 1. HP: 19/19 MP: 2/2
    36 | Abyss:2  | Noticed a thrashing horror
    41 | Abyss:2  | Noticed an ancient zyme
    41 | D:1      | Escaped the Abyss
   373 | D:1      | Reached * piety under Lugonu
   373 | D:1      | Reached XP level 2. HP: 27/27 MP: 4/4
   926 | D:1      | Reached XP level 3. HP: 33/33 MP: 5/5
  1667 | D:2      | Reached ** piety under Lugonu
  2034 | D:3      | Reached XP level 4. HP: 34/40 MP: 6/6
  2479 | D:3      | Found a radiant altar of Vehumet.
  2740 | D:3      | Found a shimmering blue altar of Sif Muna.
  2741 | D:3      | Found an ornate altar of the Wu Jian Council.
  2842 | D:3      | Found a stormy altar of Qazlal.
  3142 | D:4      | HP: 2/41 [poisoned by a worker ant]
  3150 | D:4      | HP: 1/41 [poisoned by a worker ant]
  3290 | D:4      | Found a glowing drain.
  3319 | Sewer    | Entered a sewer
  3326 | Sewer    | HP: 2/41 [river rat (7)]
  3327 | Sewer    | Slain by a river rat

Levels and vault maps discovered:
D:1:      nzn_arrival_settlement, layout_basic, minmay_tall_x
D:2:      layout_loops_corners, serial_aquarium, aquarium_bridge_square
          [aquarium_subvault_bridge, aquarium_subvault_balcony,
          aquarium_subvault_window, aquarium_subvault_window],
          aquarium_bridge_straight [aquarium_subvault_bridge,
          aquarium_subvault_wall, aquarium_subvault_bridge,
          aquarium_subvault_window], aquarium_window_1,
          aquarium_window_corridor_1, aquarium_view_2d, aquarium_view_2a,
          minivault_11
D:3:      layout_loops_ring, fiery_altar_vehumet,
          nicolae_qazlal_eye_of_the_storm, gammafunk_temple_overflow_pools,
          first_ration, grunt_ministairs_1
D:4:      layout_loops_cross, kennysheep_slug_shrine, kennysheep_little_box,
          gammafunk_temple_overflow_elements, portal_sewer_entry_d, st_stairs_1
Sewer:    sewer_kobolds

Skill      XL: |  1  2  3 |
---------------+----------+-----
Axes           | 3 4 |  4.8
Fighting       | 4 |  4.5
Invocations    | 3 |  3.7
Armour         | |  2.1
Dodging        | |  0.7

Action                   |  1- 3 |  4- 6 || total
-------------------------+-------+-------++-------
Melee: Hand axe          |   143 |    56 ||   199
Invok: Depart the Abyss  |     1 |       ||     1
  Use: Scroll            |       |     7 ||     7
  Eat: Chunk             |     4 |     1 ||     5
       Ration            |       |     1 ||     1
Armor: Ring mail         |    67 |    17 ||    84
       Leather armour    |     2 |       ||     2
Dodge: Dodged            |   122 |    27 ||   149
Block: Shield            |       |     9 ||     9

Table legend:
 A = Non-vault XP
 B = Vault XP
 C = Vault XP percentage of total XP
 D = Non-vault monster count
 E = Vault monster count
 F = Vault count percentage of total count
                 A         B        C        D         E       F
            +---------+---------+-------+---------+---------+-------
      Total |     122 |      23 |  15.9 |      51 |       7 |  12.1
            +---------+---------+-------+---------+---------+-------
        D:1 |      31 |       7 |  18.4 |      17 |       4 |  19.0
        D:2 |      32 |       0 |   0.0 |      19 |       0 |   0.0
        D:3 |      26 |       3 |  10.3 |      13 |       2 |  13.3
        D:4 |      33 |      13 |  28.3 |       2 |       1 |  33.3
            +---------+---------+-------+---------+---------+-------
